AoeStats
← Traveller

Arabia

510204003Analyzed
2v2 RM · 2d ago on Sep 29, 2026· 22m 47s· 4 players
Game mode
Random Map
Map size
Medium (4 player)
Population
200
Speed
Normal
Resources
Standard
Victory
Conquest
Starting age
Dark Age
Ending age
Imperial Age
RankedLock teamsTeams togetherTeam positionsShared explorationLock speedFull tech treeHidden civsTurbo modeCheats
Victory
Defeat
🇺🇸 Maya · United States
653
+33
🇺🇸 Sicilians · United States
608
+20
🇩🇪 Vietnamese · Germany
746
-21
🇩🇪 Spanish · Germany
657
-17
mikey
12:41 Feudal Age
13:44 Horse Collar
14:40 Double-Bit Axe
15:29 Arson
15:59 Forging
15:49 Scale Mail Armor
17:10 Gold Mining
18:47 Fletching
18:57 Padded Archer Armor
24:14 Castle Age
stretch gibson
11:58 Feudal Age
14:49 Double-Bit Axe
19:14 Castle Age
18:46 Forging
18:52 Scale Mail Armor
19:23 Scale Barding Armor
21:00 Bloodlines
22:23 Chain Barding Armor
22:10 Horse Collar
23:45 Wheelbarrow
Explorer
9:43 Loom
11:30 Feudal Age
12:25 Double-Bit Axe
16:54 Wheelbarrow
17:04 Horse Collar
20:01 Fletching
23:21 Castle Age
Traveller
14:26 Feudal Age
14:54 Double-Bit Axe
16:52 Stone Mining
17:47 Gold Mining
Connection lost

Rejoining the realm…

Still unreachable

The connection could not be restored.

Session expired

The server has moved on; the page needs a fresh start.